 Dungeon Crawl Stone Soup version 0.30-a0-377-g5cb311bc9f (webtiles) character file.

Game seed: 6739980383655209427

88 zishaf the Sneak (level 4, -1/24 HPs)
             Began as a Vine Stalker Brigand on Nov 30, 2022.
             Succumbed to an orc's poison
             ... on level 3 of the Dungeon.
             The game lasted 00:02:56 (1506 turns).

zishaf the Sneak (Vine Stalker Brigand)             Turns: 1506, Time: 00:02:57

Health: -1/24      AC:  3    Str: 13    XL:     4   Next: 53%
Magic:  10/14      EV: 10    Int: 11    God:
Gold:   99         SH:  0    Dex: 18    Spells: 3/3 levels left

rFire   . . .      SeeInvis .    a - +2 dagger
rCold   . . .      Faith    .    (no shield)
rNeg    . . .      Spirit   +    o - +0 ring mail
rPois   .          Reflect  .    (no helmet)
rElec   .          Harm     .    c - +0 cloak
rCorr   .          Rampage  .    (no gloves)
Will    .....                    (no boots)
Stlth   ++........               (no amulet)
HPRegen 1.04/turn                j - ring of magical power
MPRegen 0.14/turn                (no ring)

@: lethally poisoned (-1 -> -7), flying
A: fangs 2, regeneration 1, magic shield, antimagic bite, no potion heal 2,
deformed body
a: no special abilities


You were on level 3 of the Dungeon.
You visited 1 branch of the dungeon, and saw 3 of its levels.

You collected 99 gold pieces.

Inventory:

Hand Weapons
 a - a +2 dagger (weapon)
Missiles
 d - 21 poisoned darts (quivered)
 e - 3 curare-tipped darts
Armour
 c - a +0 cloak (worn)
 o - a +0 ring mail (worn)
Jewellery
 j - a ring of magical power (left hand)
Scrolls
 b - 2 scrolls of fear {unknown}
 f - 3 scrolls of teleportation {unknown}
 i - a scroll of blinking {unknown}
 k - 3 scrolls of identify {unknown}
 l - a scroll of enchant weapon {unknown}
 m - a scroll of immolation {unknown}
 p - a scroll of poison {unknown}
Potions
 n - a potion of magic {unknown}
 q - a potion of lignification {unknown}


   Skills:
 + Level 3.0 Fighting
 + Level 3.0 Short Blades
 - Level 2.0 Throwing
 - Level 1.0 Dodging
 - Level 5.0 Stealth


You had 3 spell levels left.
You didn't know any spells.
Your spell library contained the following spells:

 Spells                   Type           Power      Damage    Failure   Level
 Shock                    Conj/Air       0%         1d3       61%         1
 Swiftness                Air            0%         N/A       93%         3
 Airstrike                Air            0%         2d(0-16)  100%        4
 Petrify                  Tmut/Erth      0%         N/A       100%        4
 Metabolic Englaciation   Hex/Ice        0%         N/A       100%        5
 Statue Form              Tmut/Erth      0%         N/A       100%        6


Dungeon Overview and Level Annotations

Branches:
Dungeon (3/15)

Altars:
Elyvilon


Innate Abilities, Weirdness & Mutations

You have extremely sharp teeth.
Your natural rate of healing is unusually fast.
When hurt, damage is shared between your health and your magic reserves.
Your bite disrupts and absorbs the magic of your enemies.
Potions cannot restore your health.
Armour fits poorly on your strangely shaped body.


Message History

Press: ? - help, v - describe, . - travel
Here: an orc, wielding a +0 whip of venom The floor.
You hit the orc priest.
The orc priest is severely wounded.
The orc hits you but does no damage.
You are poisoned.
The orc priest hits you but does no damage.
You closely miss the orc priest.
The orc priest is severely wounded.
You feel sick.
You hit the orc priest.
The orc priest is almost dead.
You feel sick.
The orc hits you with a +0 whip of venom.
You are lethally poisoned!
The orc priest hits you with a +0 hand axe.
You hit the orc priest.
You kill the orc priest!
* * * LOW HITPOINT WARNING * * *
You feel very sick.
The orc hits you with a +0 whip of venom.
You are more poisoned.
Your Fighting skill increases to level 3!
Your Short Blades skill increases to level 3!
You have reached level 4!
You feel agile.
You begin to heal more quickly.
You hit the orc. You bite the orc.
You kill the orc!
* * * LOW HITPOINT WARNING * * *
You feel very sick.
It was a potion of flight.
You feel very buoyant.
You fly up into the air.
* * * LOW HITPOINT WARNING * * *
You feel very sick.
It was a potion of mutation.
You feel extremely strange.
You feel robust.
Your body twists and deforms.
You feel frail.
You die...

#####.### ..#
#. .# .. #
#.###
###$..####
#........#
####........#
......))....##.
......)@.......
$...........##.
####.....#..#
#...... .#
###....# #
##...# #...#
#....


There were no monsters in sight!

Vanquished Creatures
  An orc priest (D:3)
  2 worms
  2 orcs (D:3)
  7 bats
  4 endoplasms
  A giant cockroach (D:2)
  5 hobgoblins
  9 jackals
  2 quokkas
  A ball python (D:2)
  A frilled lizard (D:2)
  6 kobolds
  2 rats (D:2)
43 creatures vanquished.

Notes
Turn   | Place    | Note
-------+----------+-------------------------------------------
     0 | D:1      | zishaf the Vine Stalker Brigand began the quest for the
                  | Orb.
     0 | D:1      | Reached XP level 1. HP: 11/11 MP: 2/2
   343 | D:1      | Reached skill level 1 in Dodging
   343 | D:1      | Reached XP level 2. HP: 15/15 MP: 3/3
   465 | D:1      | Reached skill level 5 in Stealth
   814 | D:2      | Reached XP level 3. HP: 14/18 MP: 4/4
  1471 | D:3      | Found a white marble altar of Elyvilon.
  1504 | D:3      | Gained mutation: Your natural rate of healing is unusually
                  | fast. [Vine Stalker growth]
  1504 | D:3      | Reached XP level 4. HP: 6/24 MP: 5/5
  1505 | D:3      | HP: 1/24 [poisoned by an orc]
  1506 | D:3      | Gained mutation: You are robust. (+10% HP) [potion of
                  | mutation]
  1506 | D:3      | Gained mutation: Armour fits poorly on your strangely
                  | shaped body. [potion of mutation]
  1506 | D:3      | Lost mutation: You are robust. (+10% HP) [potion of
                  | mutation]
  1506 | D:3      | Succumbed to an orc's poison

Illustrated notes

Levels and vault maps discovered:
D:1:      tarquinn_simple_flora_water_d, layout_basic
D:2:      layout_basic, grunt_ministairs_13
D:3:      layout_loops_cross, lemuel_tele_altar, trog_wizard,
          cheibrodos_sewer_entry_bend

Skill      XL: |  1  2  3 |
---------------+----------+-----
Dodging        | 1 |  1.0
Fighting       | 2 3 |  3.0
Short Blades   | 2 3 |  3.0
Stealth        | 5 |  5.0
Throwing       | 2 |  2.0

Action                   |  1- 3 |  4- 6 || total
-------------------------+-------+-------++-------
Melee: Dagger            |   106 |     1 ||   107
       Bite              |    17 |     1 ||    18
Throw: Dart              |     1 |       ||     1
  Use: Potion            |       |     2 ||     2
 Stab: Sleeping          |    15 |       ||    15
       Distracted        |     1 |       ||     1
Armor: Leather armour    |     6 |       ||     6
       Robe              |     3 |       ||     3
       Ring mail         |    20 |       ||    20
Dodge: Dodged            |    57 |       ||    57

Table legend: (Time is in decaauts)
 A = Elapsed time spent in this place.
 B = Non-inter-level travel time spent in this place.
 C = Inter-level travel time spent in this place.
 D = Time resting spent in this place.
 E = Time spent auto-exploring this place.
 F = Levels seen in this place.
 G = Mean time per level.
                   A        B        C        D        E       F      G
               +--------+--------+--------+--------+--------+-----+--------+
         Total |   1493 |   1458 |     35 |      0 |   1118 |   3 |  497.7 |
       Dungeon |   1493 |   1458 |     35 |      0 |   1118 |   3 |  497.7 |
               +--------+--------+--------+--------+--------+-----+--------+

Top non-repeatable levels by time:
     D:1: 798 daAuts
     D:2: 618 daAuts
     D:3: 76 daAuts
